 Dungeon Crawl Stone Soup version 0.30-a0-782-ge64f9170bb (webtiles) character file.

Game seed: 8971650064502463376

15775 Gron2003 the Fighter (level 12, -4/113 HPs)
             Began as a Minotaur Berserker on Feb 25, 2023.
             Was a High Priest of Trog.
             Slain by a naga
             ... wielding a +2 scimitar of venom
              (18 damage)
             ... on level 1 of the Snake Pit.
             The game lasted 00:42:31 (11926 turns).

Gron2003 the Fighter (Minotaur Berserker)          Turns: 11926, Time: 00:42:32

Health: -4/113     AC: 20    Str: 28    XL:     12   Next: 4%
Magic:  10/11      EV:  8    Int:  4    God:    Trog [*****.]
Gold:   432        SH:  0    Dex: 11    Spells: 11/11 levels left

rFire   + . .      SeeInvis .    p - +5 battleaxe (heavy)
rCold   + + +      Faith    .    (shield currently unavailable)
rNeg    . . .      Spirit   .    z - +0 plate armour of Lothicw {rC+ Str+2}
rPois   +          Reflect  .    (helmet restricted)
rElec   .          Harm     .    (no cloak)
rCorr   .          Rampage  .    y - +0 pair of gloves
Will    .....                    N - +2 pair of boots {Fly} Stlth
                                 M - amulet of regeneration
HPRegen 1.18/turn                Q - ring of poison resistance
MPRegen 0.12/turn                b - ring "Bipnepyu" {rPois rF+ rC++}

@: lethally poisoned (-4 -> -6), on berserk cooldown, flying, slowed,
constricted, very slow
A: horns 2, retaliatory headbutt
a: Renounce Religion, Berserk, Trog's Hand, Brothers in Arms


You were on level 1 of the Snake Pit.
You worshipped Trog.
Trog was extremely pleased with you.
You visited 4 branches of the dungeon, and saw 12 of its levels.
You also visited: Sewer.

You collected 733 gold pieces.
You spent 301 gold pieces at shops.

Inventory:

Hand Weapons
 p - a +5 heavy battleaxe (weapon)
 u - the +12 glaive of Prune {freeze, Prune}
   (You found it on level 3 of the Dungeon)

   Prune:     It halves damage taken while paralysed, petrified or unconscious.
 O - a +0 war axe
Missiles
 a - 5 javelins
 c - 2 curare-tipped darts (quivered)
 l - 31 poisoned darts
 t - 8 atropa-tipped darts
 H - 2 throwing nets
Armour
 y - a +0 pair of gloves (worn)
 z - the +0 plate armour of Lothicw (worn) {rC+ Str+2}
   (You acquired it on level 2 of the Lair of Beasts)

   Str:       It affects your strength (+2).
   rC:        It protects you from cold.
 N - a +2 pair of boots of flying (worn)
Jewellery
 b - the ring "Bipnepyu" (right hand) {rPois rF+ rC++}
   (You acquired it on level 2 of the Lair of Beasts)

   [ring of protection from fire]

   rF:        It protects you from fire.
   rC:        It greatly protects you from cold.
   rPois:     It protects you from poison.
 A - a +6 ring of dexterity
 K - a ring of protection from cold
 M - an amulet of regeneration (around neck)
 Q - a ring of poison resistance (left hand)
Wands
 J - a wand of flame (13)
 L - a wand of iceblast (10)
 R - a wand of mindburst (5)
Scrolls
 e - 6 scrolls of fog
 f - 6 scrolls of teleportation
 i - 4 scrolls of fear
 j - a scroll of blinking {unknown}
 k - 3 scrolls of identify
 m - 2 scrolls of magic mapping
 o - a scroll of silence
 q - a scroll of poison
 w - a scroll of immolation {unknown}
 B - a scroll of amnesia
 F - a scroll of brand weapon {unknown}
 G - a scroll of butterflies {unknown}
Potions
 d - 2 potions of might
 g - a potion of resistance {unknown}
 h - a potion of flight
 r - 3 potions of heal wounds
 s - 6 potions of curing
 v - 4 potions of haste
 x - a potion of degeneration {unknown}
 C - a potion of berserk rage {unknown}
 I - a potion of brilliance {unknown}


   Skills:
 + Level 12.4 Fighting
 + Level 12.3 Axes
 + Level 12.1 Armour
 + Level 11.1 Dodging


You had 11 spell levels left.
You didn't know any spells.
Your spell library was empty.

Dungeon Overview and Level Annotations

Branches:
Dungeon (8/15)             Temple (1/1) D:7            Lair (2/5) D:8
  Swamp (0/4) Lair:2        Snake (1/4) Lair:2        Sewer (visited)

Altars:
Ashenzari
Cheibriados
Dithmenos
Elyvilon
Fedhas
Gozag
Hepliaklqana
Kikubaaqudgha
Makhleb
Nemelex Xobeh
Okawaru
Qazlal
Ru
Sif Muna
Trog
Uskayaw
Vehumet
Wu Jian
Xom
Yredelemnul
Zin
The Shining One

Shops:
D:1 :   D:7 [


Innate Abilities, Weirdness & Mutations

You have a pair of horns on your head.
You reflexively headbutt those who attack you in melee.


Message History

You have reached level 12!
You feel agile.
You slice the black mamba!!
You feel the power of Trog in you as your rage grows.
You kill the black mamba!
Trog accepts your kill. The naga spits poison at you.
The splash of poison hits you but does no damage.
You have difficulty breathing.
You feel yourself slow down.
You see here a +1 short sword of draining.
A naga warrior comes into view. It is wielding a +0 war axe.
You feel a strong urge to attack something.
You are no longer berserk.
You are exhausted.
You feel as though you will be slow longer.
The naga warrior shouts!
You hear a shout!
The naga hits you with a +2 scimitar of venom.
The naga grabs you. The naga constricts you.
You slash the naga!
The naga is heavily wounded.
The naga spits poison at you.
The splash of poison hits you but does no damage.
You are poisoned.
You have difficulty breathing.
You feel as though you will be slow longer.
The naga constricts you.
The naga warrior roars a battlecry!
The naga goes into a battle-frenzy!
The naga closely misses you. The naga constricts you.
You hit the naga.
The naga is heavily wounded.
You feel extremely sick.
The naga hits you with a +2 scimitar of venom.
The naga constricts you.
A naga comes into view. It is wielding a +0 mace.
The naga hits you with a +2 scimitar of venom!!!
* * * LOW HITPOINT WARNING * * *
The naga constricts you.
The naga hits you with a +2 scimitar of venom!!
You die...

#.# ##.## #
... ##.
####.##
....#.....##
...........#
......).†<.+
....?...)..#
........@..#
........N..#
...........#
..........##
.......N.##
#.####..$.
..N.. ......


You could see a naga warrior and 2 nagas.

Vanquished Creatures
  A two-headed ogre (D:8)
  The ghost of mertasd123 the Ducker, a novice GnMo of the Shining One (D:5)
  A mana viper (Lair:2)
  3 elephants (Lair:1)
  6 black mambas
  A naga mage (Snake:1)
  A gargoyle (D:7)
  A cane toad (Lair:2)
  A rime drake (D:8)
  2 tyrant leeches (Lair:2)
  A polar bear (D:8)
  Grinder (D:4)
  3 blink frogs (Lair:2)
  15 yaks
  2 wyverns (Lair:1)
  2 steam dragons (D:7)
  5 nagas
  2 swamp worms (Lair:2)
  3 water moccasins
  An orc warrior (D:8)
  9 ice beasts
  3 black bears
  12 wolves
  2 ogres (D:7)
  7 centaurs
  A kobold brigand (D:6)
  A phantom (D:7)
  8 bullfrogs
  A necrophage (D:6)
  4 scorpions
  A killer bee (D:7)
  3 jellies
  A howler monkey (D:7)
  7 hounds
  Crazy Yiuf (D:2)
  An orc priest (D:5)
  2 gnoll boudas (D:5)
  4 iguanas
  4 orc wizards
  20 gnolls
  7 river rats
  18 adders
  A white imp (D:5)
  2 ufetubi
  A worm (D:5)
  A dart slug (D:1)
  12 orcs
  7 endoplasms
  11 giant cockroaches
  9 goblins
  9 hobgoblins
  2 jackals (D:1)
  4 quokkas
  17 ball pythons
  8 bats
  12 frilled lizards
  14 kobolds
  34 rats
314 creatures vanquished.

Vanquished Creatures (others)
  6 fungi
  6 plants (Lair:2)
12 creatures vanquished.

Grand Total: 326 creatures vanquished

Notes
Turn   | Place    | Note
-------+----------+-------------------------------------------
     0 | D:1      | Gron2003 the Minotaur Berserker began the quest for the
                  | Orb.
     0 | D:1      | Reached XP level 1. HP: 19/19 MP: 0/0
   132 | D:1      | Reached XP level 2. HP: 27/27 MP: 1/1
   204 | D:1      | Found Refyafaw's Book Emporium.
   577 | D:1      | Reached XP level 3. HP: 33/33 MP: 2/2
   638 | D:1      | Reached ** piety under Trog
  1158 | D:2      | Found a runed translucent door.
  1159 | D:2      | Noticed Crazy Yiuf
  1169 | D:2      | Killed Crazy Yiuf
  1170 | D:2      | Reached XP level 4. HP: 38/41 MP: 0/3
  2155 | D:3      | Found a faded altar of an unknown god.
  2336 | D:3      | Found the +12 glaive of Prune {freeze, Prune}
  2345 | D:3      | Reached *** piety under Trog
  2480 | D:3      | Reached XP level 5. HP: 47/47 MP: 4/4
  3429 | D:4      | Reached skill level 5 in Fighting
  3443 | D:4      | Reached skill level 5 in Axes
  3647 | D:4      | Found a glowing drain.
  3658 | D:4      | Reached XP level 6. HP: 56/56 MP: 5/5
  3668 | Sewer    | Entered a sewer
  3879 | Sewer    | Reached **** piety under Trog
  4017 | Sewer    | Reached skill level 5 in Armour
  4017 | Sewer    | Reached XP level 7. HP: 62/62 MP: 6/6
  4299 | D:4      | Found a stormy altar of Qazlal.
  4300 | D:4      | Found an opulent altar of Gozag.
  4327 | D:4      | Noticed Grinder
  4332 | D:4      | Killed Grinder
  4394 | D:4      | Reached skill level 5 in Dodging
  4751 | D:5      | Entered Level 5 of the Dungeon
  5113 | D:5      | Found a runed translucent door.
  5125 | D:5      | Reached ***** piety under Trog
  5127 | D:5      | Reached XP level 8. HP: 62/71 MP: 7/7
  5235 | D:5      | Noticed mertasd123's ghost (novice GnMo)
  5248 | D:5      | Killed mertasd123's ghost
  5262 | D:5      | Found a runed translucent door.
  6368 | D:6      | Reached XP level 9. HP: 81/81 MP: 8/8
  7588 | D:7      | Noticed a gargoyle
  7601 | D:7      | Killed a gargoyle
  7848 | D:7      | Found a staircase to the Ecumenical Temple.
  7860 | Temple   | Entered the Ecumenical Temple
  8093 | D:7      | Found Tuhin's Armour Shop.
  8551 | D:7      | Reached XP level 10. HP: 42/91 MP: 9/9
  8803 | D:7      | Bought a +2 pair of boots of flying for 301 gold pieces
  8819 | D:8      | Noticed a two-headed ogre
  8827 | D:8      | Killed a two-headed ogre
  9021 | D:8      | Reached skill level 10 in Fighting
  9030 | D:8      | Reached skill level 10 in Axes
  9105 | D:8      | Reached skill level 10 in Armour
  9276 | D:8      | Found a bloodstained altar of Trog.
  9332 | D:8      | Found a staircase to the Lair.
  9668 | Lair:1   | Entered Level 1 of the Lair of Beasts
  9783 | Lair:1   | Reached XP level 11. HP: 99/101 MP: 10/10
 10080 | Lair:1   | Reached skill level 10 in Dodging
 10821 | Lair:2   | Received a gift from Trog
 10907 | Lair:2   | Found a staircase to the Snake Pit.
 11266 | Lair:2   | Found a staircase to the Swamp.
 11575 | Lair:2   | Identified 2 scrolls of acquirement
 11575 | Lair:2   | Acquired the +0 plate armour of Lothicw {rC+ Str+2}
 11628 | Lair:2   | Acquired the ring "Bipnepyu" {rPois rF+ rC++}
 11851 | Snake:1  | Entered Level 1 of the Snake Pit
 11851 | Snake:1  | Noticed a mana viper
 11863 | Lair:2   | Killed a mana viper
 11922 | Snake:1  | Reached XP level 12. HP: 113/113 MP: 9/11
 11924 | Snake:1  | Noticed a naga warrior
 11926 | Snake:1  | Slain by a naga

Illustrated notes

Levels and vault maps discovered:
D:1:      dpeg_arrival_prison, layout_basic, serial_forest,
          infiniplex_forest_clump_diagonal, infiniplex_forest_clump_small,
          infiniplex_forest_zigzag_1, infiniplex_forest_zigzag_1,
          infiniplex_forest_lined_corner, infiniplex_forest_end_1, serial_shops,
          nicolae_shop_crystal, kennysheep_another_room
D:2:      layout_loops_ring, hangedman_decor_push, minmay_door_square,
          uniq_crazy_yiuf_cottage
D:3:      minmay_octagon_keep, layout_loops_corners, basic_ecumenical_altar,
          grunt_ministairs_2
D:4:      minmay_door_path, layout_loops_corners,
          chequers_temple_overflow_statue_of_worship, portal_sewer_entry_d,
          sigmund_army, uniq_grinder
D:5:      layout_loops_ring, ebering_ghost_sewer_f
D:6:      layout_loops_corners
D:7:      hangedman_cross_stitches, layout_basic, minmay_temple_entry_statues,
          serial_shops, nicolae_take_the_stairs, centaur_isle
D:8:      layout_loops_ring, lemuel_coloured_pillars_altar,
          hellmonk_lair_entry_icy, kennysheep_nub
Temple:   hellmonk_temple_of_storms
Lair:1:   layout_gridlike
Lair:2:   layout_misc_corridors, minmay_swamp_entry_worms,
          guppyfry_snake_entry_garden
Snake:1:  layout_gridlike, serial_shops, shop, minmay_shop_grove, uniq_donald

Skill      XL: |  1  2  3  4  5  6  7  8  9 10 11 |
---------------+----------------------------------+-----
Fighting       | 4 5 6 8 9 10 12 | 12.4
Axes           | 4 5 6 7 9 10 12 | 12.3
Armour         | 3 4 5 6 7 9 10 12 | 12.1
Dodging        | 3 4 5 6 8 9 11 | 11.1

Action                     |  1- 3 |  4- 6 |  7- 9 | 10-12 || total
---------------------------+-------+-------+-------+-------++-------
  Melee: Hand axe          |   100 |   217 |   293 |    76 ||   686
         Headbutt          |    13 |    26 |    68 |    63 ||   170
         Punch             |     1 |       |     1 |     7 ||     9
         War axe           |       |       |       |   158 ||   158
         Battleaxe         |       |       |       |    40 ||    40
  Throw: Dart              |       |     3 |     2 |     1 ||     6
 Invoke: Berserk           |     1 |     3 |     4 |     8 ||    16
  Evoke: Wand              |       |       |     2 |       ||     2
    Use: Scroll            |       |       |     8 |    19 ||    27
         Potion            |       |       |     3 |       ||     3
 Armour: Animal skin       |    10 |       |       |       ||    10
         Chain mail        |    28 |    81 |       |       ||   109
         Plate armour      |       |    40 |   182 |   154 ||   376
  Dodge: Dodged            |    64 |   123 |   163 |   209 ||   559

Table legend: (Time is in decaauts)
 A = Elapsed time spent in this place.
 B = Non-inter-level travel time spent in this place.
 C = Inter-level travel time spent in this place.
 D = Time resting spent in this place.
 E = Time spent auto-exploring this place.
 F = Levels seen in this place.
 G = Mean time per level.
                   A        B        C        D        E       F      G
               +--------+--------+--------+--------+--------+-----+--------+
         Total |  12101 |  11998 |    103 |   2131 |   6648 |  13 |  930.8 |
       Dungeon |   9271 |   9168 |    103 |   1390 |   5498 |   8 | 1158.9 |
        Temple |     39 |     39 |      0 |      0 |     18 |   1 |   39.0 |
          Lair |   2287 |   2287 |      0 |    625 |   1002 |   2 | 1143.5 |
     Snake Pit |     25 |     25 |      0 |      0 |      0 |   1 |   25.0 |
         Sewer |    477 |    477 |      0 |    115 |    129 |   1 |  477.0 |
               +--------+--------+--------+--------+--------+-----+--------+

Top non-repeatable levels by time:
     D:7: 1568 daAuts
  Lair:2: 1438 daAuts
     D:5: 1378 daAuts
     D:4: 1299 daAuts
     D:6: 1065 daAuts
     D:3: 1044 daAuts
     D:2: 1028 daAuts
     D:1: 1009 daAuts
     D:8: 877 daAuts
  Lair:1: 848 daAuts
   Sewer: 477 daAuts
  Temple: 39 daAuts
 Snake:1: 25 daAuts
